AoeStats
← yt536390

Arabia

510100807Analyzed
1v1 RM · 3d ago on Sep 29, 2026· 57m 6s· 2 players
Game mode
Random Map
Map size
Tiny (2 player)
Population
200
Speed
Normal
Resources
Standard
Victory
Conquest
Starting age
Dark Age
Ending age
Imperial Age
RankedLock teamsTeams togetherTeam positionsShared explorationLock speedFull tech treeHidden civsTurbo modeCheats
Victory
Defeat
🇨🇳 Cumans · China
1809
+11
🇹🇷 Lithuanians · Türkiye
1700
-11
TulparFYNH
6:03 Loom
8:24 Feudal Age
8:57 Double-Bit Axe
9:58 Horse Collar
19:24 Castle Age
18:36 Forging
19:27 Light Cavalry
20:36 Bow Saw
24:55 Heavy Plow
25:53 Gold Mining
28:10 Wheelbarrow
27:42 Stone Mining
29:05 Fletching
31:15 Fletching
32:03 Stone Shaft Mining
34:13 Imperial Age
32:01 Bodkin Arrow
32:13 Thumb Ring
32:53 Hand Cart
35:07 Bracer
37:00 Chemistry
36:50 Husbandry
38:36 Bloodlines
40:15 Pikeman
41:48 Conscription
40:54 Heavy Cavalry Archer
41:40 Squires
42:12 Scale Mail Armor
42:10 Halberdier
43:20 Ballistics
43:48 Chain Mail Armor
44:30 Scale Barding Armor
44:55 Conscription
46:46 Winged Hussar
47:51 Chain Barding Armor
49:42 Plate Barding Armor
56:54 Iron Casting
57:29 Padded Archer Armor
yt536390
5:31 Loom
8:17 Feudal Age
9:00 Double-Bit Axe
11:50 Horse Collar
19:39 Castle Age
18:12 Gold Mining
19:17 Bloodlines
23:42 Devotion
29:07 Forging
29:22 Bow Saw
30:33 Scale Barding Armor
31:31 Wheelbarrow
32:20 Chain Barding Armor
37:25 Imperial Age
36:01 Iron Casting
36:04 Stone Mining
35:44 Light Cavalry
38:55 Plate Barding Armor
39:19 Gold Shaft Mining
39:48 Fletching
40:30 Conscription
40:27 Padded Archer Armor
40:50 Ballistics
41:32 Bodkin Arrow
43:13 Chemistry
42:48 Leather Archer Armor
43:31 Hand Cart
44:05 Ring Archer Armor
44:06 Parthian Tactics
44:47 Steppe Husbandry
46:04 Blast Furnace
46:43 Thumb Ring
54:34 Hussar
55:15 Elite Kipchak
56:20 Masonry
Connection lost

Rejoining the realm…

Still unreachable

The connection could not be restored.

Session expired

The server has moved on; the page needs a fresh start.